 Dungeon Crawl Stone Soup version 0.22.1-5-g62c59d9 (webtiles) character file.

1488 Tr0llz0r the Chopper (level 8, 0/61 HPs)
             Began as a Demonspawn Gladiator on Jan 10, 2019.
             Was a Follower of Okawaru.
             Slain by an ice beast (8 damage)
             ... on level 7 of the Dungeon.
             The game lasted 00:22:28 (8017 turns).

Tr0llz0r the Chopper (Demonspawn Gladiator)         Turns: 8017, Time: 00:22:29

Health: 0/61       AC: 12    Str: 16    XL:     8   Next: 51%
Magic:  8/8        EV:  7    Int: 10    God:    Okawaru [*.....]
Gold:   54         SH:  4    Dex: 15    Spells: 7/7 levels left

rFire    . . .     SeeInvis .   a - +3 war axe
rCold    . . .     Gourm    .   d - +0 buckler
rNeg     . . .     Faith    .   v - +0 chain mail
rPois    .         Spirit   .   c - +1 helmet
rElec    .         Reflect  .   (no cloak)
rCorr    +         Harm     .   m - +0 pair of gloves
MR       .....                  (no boots)
Stlth    ..........             (no amulet)
HPRegen  0.20/turn              r - ring of resist corrosion
MPRegen  0.11/turn              (no ring)

@: drained
A: powered by pain 2
a: Heroism, Renounce Religion


You were on level 7 of the Dungeon.
You worshipped Okawaru.
Okawaru was aware of your devotion.
You were not hungry.

You visited 2 branches of the dungeon, and saw 8 of its levels.

You collected 306 gold pieces.
You spent 252 gold pieces at shops.

Inventory:

Hand Weapons
 a - a +3 war axe (weapon)
 u - a +0 shortbow
Missiles
 h - 40 bolts
 j - 49 poisoned needles
 k - 27 stones (quivered)
 s - 49 arrows
 w - 7 tomahawks
Armour
 c - a +1 helmet (worn)
 d - a +0 buckler (worn)
 m - a +0 pair of gloves (worn)
 v - a +0 chain mail (worn)
Jewellery
 r - a ring of resist corrosion (left hand)
Wands
 o - a wand of paralysis (16)
 t - a wand of random effects (23)
 z - a wand of disintegration (18)
Scrolls
 b - 4 scrolls of enchant armour
 g - 3 scrolls of teleportation
 n - 2 scrolls of remove curse
 y - a scroll of identify
Potions
 i - 2 potions of brilliance
 l - a potion of curing
 p - a potion of lignification
 q - a potion of flight
 x - a potion of haste
Comestibles
 f - 9 rations


   Skills:
 + Level 4.6(4.0) Fighting
 + Level 7.2(6.5) Axes
 + Level 1.9(1.3) Throwing
 + Level 4.2(3.6) Armour
 + Level 4.1(3.5) Dodging
 + Level 1.1(0.5) Stealth
 + Level 1.1(0.5) Shields


You had 7 spell levels left.
You didn't know any spells.
Your spell library contained the following spells:

 Spells                   Type           Power        Failure   Level  Hunger
 Magic Dart               Conj           #...         100%        1    ##.....
 Summon Small Mammal      Summ           #...         100%        1    ##.....
 Call Imp                 Summ           #.......     100%        2    ###....
 Searing Ray              Conj           #.....       100%        2    ###....
 Call Canine Familiar     Summ           #.......     100%        3    ####...
 Dazzling Spray           Conj/Hex       #.....       100%        3    ####...
 Summon Guardian Golem    Hex/Summ       #.......     100%        3    ####...
 Force Lance              Conj/Tloc      #.......     100%        4    #####..
 Fulminant Prism          Conj/Hex       #.........   100%        4    #####..
 Iskenderun's Mystic Bla  Conj           #.......     100%        4    #####..
 Summon Ice Beast         Ice/Summ       #.......     100%        4    #####..
 Summon Lightning Spire   Summ/Air       #.......     100%        4    #####..


Dungeon Overview and Level Annotations

Branches:
Dungeon (7/15)             Temple (1/1) D:5

Altars:
Ashenzari
Cheibriados
Dithmenos
Elyvilon
Fedhas
Gozag
Kikubaaqudgha
Makhleb
Nemelex Xobeh
Okawaru
Sif Muna
Trog
Uskayaw
Vehumet
Wu Jian
Xom
Yredelemnul
Zin

Shops:
D:6 !

Portals:
Bailey: D:7

Annotations:
D:5 Blork the orc
D:7 1 runed door


Innate Abilities, Weirdness & Mutations

You sometimes gain power by taking damage.


Message History

You slash the ogre!
The ogre is almost dead.
The ogre hits you with a giant club!
You slash the ogre!
You kill the ogre!
Okawaru accepts your kill.
You see here a giant club.
You see here a giant club.
You pick up a book of Callings and begin reading...
You add the spells Summon Small Mammal, Call Imp, Call Canine Familiar, Summon An ice beast comes into view.
The ice beast hits you. The ice beast freezes you!
* * * LOW HITPOINT WARNING * * *
The ice beast hits you but does no damage.
Found a scale mail.
Your chain mail prevents you from hitting the ice beast.
The ice beast hits you.
* * * LOW HITPOINT WARNING * * *
The ice beast freezes you!
You die...

....#..# ..
##......###..
###............
#..............
...............
.[.............
##...........
#...Y@.......
#<.......###.
#.....####
##.....#
##.)...##
###..)##.#
#....##..##
#.##.......## #
#..##....### ##


You could see an ice beast.

Vanquished Creatures
  Duvessa (D:6)
  2 ogres
  A centaur (D:6)
  2 bullfrogs
  Dowan (D:6)
  A scorpion (D:4)
  3 wights (D:7)
  A howler monkey (D:5)
  3 crimson imps
  A centaur skeleton (D:4)
  A centaur zombie (D:6)
  2 hounds
  A gnoll shaman (D:5)
  Ijyb (D:3)
  Natasha (thrice) (D:3)
  3 orc wizards
  4 worker ants
  A howler monkey zombie (D:6)
  3 gnolls
  A howler monkey skeleton (D:6)
  6 adders
  A shadow imp (D:7)
  An ooze (D:3)
  A worm (D:6)
  3 leopard geckos
  18 orcs
  4 giant cockroaches
  14 goblins
  2 hobgoblins
  2 jackals (D:1)
  3 kobolds (D:3)
  6 quokkas
  15 bats
  4 frilled lizards
  5 rats
121 creatures vanquished.

Notes
Turn   | Place    | Note
-------+----------+-------------------------------------------
     0 | D:1      | Tr0llz0r the Demonspawn Gladiator began the quest for the
                  | Orb.
     0 | D:1      | Reached XP level 1. HP: 16/16 MP: 1/1
   401 | D:1      | Reached skill level 3 in Axes
   538 | D:1      | Gained mutation: You sometimes gain a little power by
                  | taking damage. [demonic ancestry]
   538 | D:1      | Reached XP level 2. HP: 22/22 MP: 2/2
  1115 | D:2      | Found a hide-covered altar of Uskayaw.
  1215 | D:2      | Reached XP level 3. HP: 22/27 MP: 3/3
  1634 | D:3      | Noticed Natasha
  1641 | D:3      | Killed Natasha
  1641 | D:3      | Reached skill level 1 in Armour
  1906 | D:3      | Reached XP level 4. HP: 34/34 MP: 4/4
  1928 | D:3      | Reached skill level 4 in Axes
  1945 | D:3      | Found a shattered altar of Ashenzari.
  2508 | D:3      | Noticed Ijyb
  2518 | D:3      | Killed Ijyb
  2518 | D:3      | Reached XP level 5. HP: 38/39 MP: 5/5
  2835 | D:3      | Noticed Natasha
  2843 | D:3      | Killed Natasha
  2952 | D:3      | Noticed Natasha
  2959 | D:3      | Killed Natasha
  3344 | D:4      | Reached skill level 5 in Axes
  3344 | D:4      | Reached XP level 6. HP: 44/47 MP: 6/6
  3949 | D:5      | Entered Level 5 of the Dungeon
  4008 | D:5      | Found a faded altar of an unknown god.
  4008 | D:5      | Found a staircase to the Ecumenical Temple.
  4035 | Temple   | Entered the Ecumenical Temple
  4092 | Temple   | Became a worshipper of Warmaster Okawaru
  4475 | D:5      | Gained mutation: You sometimes gain power by taking damage.
                  | [demonic ancestry]
  4475 | D:5      | Reached XP level 7. HP: 41/52 MP: 7/7
  4724 | D:5      | Noticed Blork the orc
  4760 | D:5      | Found a deep blue altar of Sif Muna.
  6232 | D:6      | Reached skill level 6 in Axes
  6248 | D:6      | Reached skill level 1 in Stealth
  7042 | D:6      | Found Lugywk's Distillery.
  7050 | D:6      | Bought a potion of heal wounds for 70 gold pieces
  7050 | D:6      | Bought a potion of heal wounds for 70 gold pieces
  7050 | D:6      | Bought a potion of heal wounds for 70 gold pieces
  7050 | D:6      | Bought a potion of curing for 42 gold pieces
  7055 | D:6      | Noticed Duvessa
  7055 | D:6      | Noticed Dowan
  7067 | D:6      | Killed Duvessa
  7067 | D:6      | Reached XP level 8. HP: 41/60 MP: 8/8
  7073 | D:6      | Killed Dowan
  7450 | D:6      | Found a burning altar of Makhleb.
  7451 | D:6      | Found a basalt altar of Yredelemnul.
  7612 | D:7      | Found a flagged portal.
  7772 | D:7      | Found a white marble altar of Elyvilon.
  7772 | D:7      | Found a runed door.
  7772 | D:7      | Noticed an angel
  7888 | D:7      | Reached * piety under Okawaru
  7888 | D:7      | Reached skill level 7 in Axes
  7900 | D:7      | Reached skill level 1 in Shields
  8017 | D:7      | Slain by an ice beast

Skill      XL: |  1  2  3  4  5  6  7  8 |
---------------+-------------------------+-----
Axes           | 3 4 5 6 7 |  7.2
Armour         | 1 2 3 4 |  4.2
Dodging        | 3 4 |  4.1
Fighting       | 3 4 |  4.6
Stealth        | 1 |  1.1
Shields        | 1 |  1.1
Throwing       | |  1.9

Action                   |  1- 3 |  4- 6 |  7- 9 || total
-------------------------+-------+-------+-------++-------
Melee: War axe           |    89 |   187 |   180 ||   456
Throw: Stone             |       |       |    16 ||    16
       Throwing net      |       |       |     3 ||     3
  Use: Scroll            |    10 |     1 |     2 ||    13
       Potion            |     5 |     3 |     5 ||    13
  Eat: Ration            |     1 |     3 |     3 ||     7
Armor: Leather armour    |     2 |       |       ||     2
       Ring mail         |    35 |   105 |    52 ||   192
       Chain mail        |       |       |    39 ||    39
Dodge: Dodged            |    82 |   197 |    83 ||   362
Block: Buckler           |       |       |    18 ||    18
